 Dungeon Crawl Stone Soup version 0.31-a0-133-gaae73658be (webtiles) character file.

Game seed: 9101178175916957533

9433 JoshKwa the Thaumaturge (level 11, -12/91 HPs)
             Began as a Naga Fire Elementalist on June 2, 2023.
             Was a High Priest of Jiyva.
             Engulfed by a cloud of flame (22 damage)
             ... on level 2 of the Lair of Beasts.
             The game lasted 00:50:54 (8211 turns).

JoshKwa the Thaumaturge (Naga Fire Elementalist)    Turns: 8211, Time: 00:50:55

Health: -12/91     AC:  4    Str: 22    XL:     11   Next: 46%
Magic:  26/26      EV: 11    Int: 20    God:    Jiyva [*****.]
Gold:   191        SH:  5    Dex: 14    Spells: 22/33 levels left

rFire   . . .        d - +2 falchion (elec)
rCold   . . .        (no shield)
rNeg    . . .        a - +0 robe
rPois   +            (helmet restricted)
rElec   .            (no cloak)
rCorr   +            (no gloves)
SInv    +            (no barding)
Will    +....        c - amulet of reflection
Stlth   +++          f - +6 ring of intelligence
HPRegen 2.59/turn    j - +6 ring of strength
MPRegen 0.65/turn

%: reflection
@: very slow
A: AC +3, large, see invisible, deformed body, poison resistance, slowness 2,
spit poison 1, naga tail 1, horns 2, regeneration 1, strong 1, eyeballs 3, jelly
absorbing missiles
a: Spit Poison, Renounce Religion, Oozemancy, Slimify


You were on level 2 of the Lair of Beasts.
You worshipped Jiyva.
Jiyva was extremely pleased with you.
You visited 2 branches of the dungeon, and saw 11 of its levels.

You collected 281 gold pieces.
You spent 90 gold pieces at shops.

Inventory:

Hand Weapons
 d - a +2 falchion of electrocution (weapon)
Armour
 a - a +0 robe (worn)
Jewellery
 b - a +4 ring of slaying
 c - an amulet of reflection (around neck)
 e - a +5 ring of evasion
 f - a +6 ring of intelligence (left hand)
 j - a +6 ring of strength (right hand)
 k - an amulet of magic regeneration
Wands
 g - a wand of acid (12)
Scrolls
 l - 2 scrolls of enchant armour


   Skills:
 + Level 3.9 Fighting
 + Level 4.6 Long Blades
 + Level 3.9 Dodging
 + Level 5.0 Stealth
 + Level 1.9 Shields
 * Level 11.7 Spellcasting
 + Level 1.2 Conjurations
 + Level 9.4 Fire Magic
 + Level 1.1 Evocations


You had 22 spell levels left.
You knew the following spells:

 Your Spells              Type           Power      Damage    Failure   Level
a - Foxfire               Conj/Fire      100%       2x1d9     1%          1
b - Scorch                Fire           98%        2d9       1%          2
c - Flame Wave            Conj/Fire      33%        2d10      6%          4
d - Freeze                Ice            44%        1d6       6%          1
e - Hailstorm             Conj/Ice       14%        3d5       14%         3

Your spell library contained the following spells:

 Spells                   Type           Power      Damage    Failure   Level
 Inner Flame              Hex/Fire       30%        N/A       2%          3
 Volatile Blastmotes      Fire/Tloc      60%        2d15      2%          3
 Frozen Ramparts          Ice            22%        1d4       17%         3


Dungeon Overview and Level Annotations

Branches:
Dungeon (9/15)             Temple (0/1) D:7            Lair (2/5) D:9
  Swamp: Lair:2-3    Shoals: Lair:2-3     Snake: Lair:2-3    Spider: Lair:2-3
    Orc: D:9-12

Altars:
Ashenzari
Cheibriados
Dithmenos
Fedhas
Kikubaaqudgha
Sif Muna
Trog
Vehumet
Wu Jian
Yredelemnul
Zin
The Shining One
Jiyva

Shops:
D:8 *

Annotations:
D:8 3 runed translucent doors, GonguanaGonguana's ghost, novice MeEE


Innate Abilities, Weirdness & Mutations

Your serpentine skin is tough. (AC +3)
You have supernaturally acute eyesight. (SInv)
Armour fits poorly on your strangely shaped body.
Your system is resistant to poisons. (rPois)
You cover ground very slowly.
You can spit poison.
You have a snake-like lower body.
You have a pair of horns on your head.
Your natural rate of healing is unusually fast.
Your muscles are strong. (Str +4, Int/Dex -1)
Your body is covered in eyes which may confuse attackers. (Acc +7, SInv)
You have a small jelly attached to you that may absorb projectiles.


Message History

The elephant is lightly wounded.
You hear an angry hiss.
You hear a loud, deep croak!
You hear a bellow! x3
You hear an angry hiss.
The polar bear bites you. The polar bear closely misses you.
The eyeballs on your body gaze at the polar bear.
The polar bear barely misses you.
Unknown command.
A wave of flame ripples out!
The flame wave engulfs the elephant.
The elephant is lightly wounded.
The flame wave engulfs the polar bear!
The polar bear is almost dead.
You smell burning wood.
The tree burns like a torch!
You finish channelling waves of flame.
You hear a roar!
You hear an angry hiss.
You hear a bellow! x3
You hear an angry hiss.
The elephant is engulfed in blazing flames.
The elephant tramples you!
You stumble backwards!
A six-headed hydra comes into view.
The polar bear bites itself!
The polar bear is killed!
The elephant tramples you!
You stumble backwards!
A bullfrog comes into view.
A water moccasin comes into view.
There is an open door here.
You are engulfed in blazing flames.
The elephant tramples you!
You hold your ground!
You block the elephant's attack.
The eyeballs on your body gaze at the elephant.
The elephant tramples itself but does no damage.
The elephant trunk-slaps itself but does no damage.
A water moccasin comes into view.
Really slither into that cloud of flame?
You are engulfed in blazing flames.
* * * LOW HITPOINT WARNING * * *
The elephant is engulfed in blazing flames.
The elephant barely misses you. x2
A cane toad comes into view.
The forest fire spreads!
There is a stone staircase leading up, spattered with blood here.
You see here a bullfrog corpse.
You are engulfed in blazing flames.
You die...

#.♣.♣.# .♣ #..♣..#
.♣ #.....# ♣.♣♣
♣♣♣#..♣..#♣...♣
..#§§§§§#....♣
#♣♣♣♣.##§§§##....♣
#?....#§§§§§#DF.F♣##
♣.'..8..§§§.....
#.....#§§@Y§#....♣##
#♣♣♣♣.##§§§##....♣
..#§§§§§#....♣
♣♣♣#♣.§§♣#♣...♣
#.♣.♣. ♣.♣♣ #♣.♣.♣#
.♣ ♣ ♣ .♣


You could see a six-headed hydra, an elephant (confused), a cane toad
(wandering) and a bullfrog.

Vanquished Creatures
  Erica (D:8)
  A rime drake (Lair:1)
  A komodo dragon (Lair:1)
  3 cane toads
  Psyche (D:9)
  A troll (D:9)
  A polar bear (Lair:2)
  3 wyverns (D:9)
  12 yaks
  Grum (D:9)
  A basilisk (D:9)
  2 water moccasins
  An ice beast (D:7)
  3 sky beasts
  A black bear (Lair:1)
  An ogre (D:6)
  3 wolves (D:9)
  2 kobold brigands
  3 bullfrogs
  3 gnoll sergeants
  5 scorpions
  12 killer bees
  3 howler monkeys (D:9)
  2 hounds
  6 orc priests
  An iguana (D:4)
  14 orc wizards
  11 gnolls
  4 adders
  An ufetubus (D:5)
  25 orcs
  4 ball pythons
  5 bats
  3 endoplasms (D:1)
  2 giant cockroaches (D:3)
  6 hobgoblins
  2 jackals (D:3)
  14 kobolds
  4 quokkas
  4 frilled lizards
  6 goblins
  5 rats
184 creatures vanquished.

Vanquished Creatures (collateral kills)
  Harold (D:9)
  2 cane toads
  A komodo dragon (Lair:1)
  A swamp drake (D:9)
  An ogre (D:6)
6 creatures vanquished.

Vanquished Creatures (others)
  A wyvern (D:9)
  A water moccasin (D:6)
  An orc warrior (D:4)
  A black bear (D:6)
  A kobold brigand (D:6)
  2 bullfrogs
  A scorpion (D:6)
  28 jellies
  2 orc priests
  2 iguanas (D:6)
  Natasha (thrice) (D:2)
  2 orc wizards
  5 adders
  3 gnolls (D:6)
  A worm (D:2)
  A dart slug (D:2)
  An endoplasm (D:4)
  11 orcs
  4 bats
  2 goblins (D:2)
  A hobgoblin (D:3)
  5 kobolds
  A quokka (D:2)
  2 ball pythons
  3 frilled lizards (D:2)
  2 rats (D:2)
  A butterfly (Lair:1)
  31 foxfires
119 creatures vanquished.

Grand Total: 309 creatures vanquished

Notes
Turn   | Place    | Note
-------+----------+-------------------------------------------
     0 | D:1      | JoshKwa the Naga Fire Elementalist began the quest for the
                  | Orb.
     0 | D:1      | Reached XP level 1. HP: 15/15 MP: 3/3
   112 | D:1      | Reached XP level 2. HP: 7/22 MP: 5/5
  1069 | D:1      | Found a faded altar of an unknown god.
  1078 | D:1      | Prayed at the altar of an unknown god.
  1078 | D:1      | Became a worshipper of Jiyva Jipey the Shapeless
  1078 | D:1      | Reached * piety under Jiyva
  1174 | D:1      | Learned a level 2 spell: Scorch
  1264 | D:2      | Reached XP level 3. HP: 16/28 MP: 6/6
  1434 | D:2      | Killed Natasha
  1512 | D:2      | Reached ** piety under Jiyva
  1732 | D:2      | Killed Natasha
  1808 | D:2      | Noticed Natasha
  1814 | D:2      | Killed Natasha
  2101 | D:3      | Found a glowing golden altar of the Shining One.
  2155 | D:3      | Reached XP level 4. HP: 36/36 MP: 2/7
  2198 | D:3      | Reached *** piety under Jiyva
  2198 | D:3      | Gained mutation: You have a pair of small horns on your
                  | head. [Jiyva's grace]
  2198 | D:3      | Gained mutation: You have a pair of horns on your head.
                  | [Jiyva's grace]
  2198 | D:3      | Gained mutation: You have a pair of large horns on your
                  | head. [Jiyva's grace]
  2198 | D:3      | Gained mutation: You have acidic saliva. [Jiyva's grace]
  2331 | D:4      | Reached skill level 1 in Long Blades
  2331 | D:4      | Reached skill level 3 in Spellcasting
  2350 | D:4      | Found an ornate altar of the Wu Jian Council.
  2511 | D:4      | Reached XP level 5. HP: 39/43 MP: 8/10
  2603 | D:4      | Killed an orc warrior
  2685 | D:5      | Entered Level 5 of the Dungeon
  2783 | D:5      | Reached **** piety under Jiyva
  2848 | D:5      | Reached skill level 4 in Spellcasting
  2848 | D:5      | Reached XP level 6. HP: 50/50 MP: 5/12
  3100 | D:5      | Found a shimmering blue altar of Sif Muna.
  3204 | D:5      | Reached XP level 7. HP: 56/56 MP: 14/14
  3410 | D:5      | Found a bloodstained altar of Trog.
  3598 | D:6      | Reached ***** piety under Jiyva
  3606 | D:6      | Reached skill level 1 in Fighting
  3606 | D:6      | Reached skill level 5 in Spellcasting
  3639 | D:6      | HP: 1/85 [gnoll sergeant/+0 spear (8)]
  3983 | D:6      | Lost mutation: You have a pair of large horns on your head.
                  | [Jiyva's grace]
  3983 | D:6      | Lost mutation: You have a pair of horns on your head.
                  | [Jiyva's grace]
  3983 | D:6      | Gained mutation: You have a small jelly attached to you
                  | that may absorb projectiles. [Jiyva's grace]
  3983 | D:6      | Gained mutation: Your muscles are strong. (Str +4, Int/Dex
                  | -1) [Jiyva's grace]
  3983 | D:6      | Gained mutation: Your muscles are very strong. (Str +8,
                  | Int/Dex -2) [Jiyva's grace]
  3983 | D:6      | Gained mutation: You have a pair of horns on your head.
                  | [Jiyva's grace]
  4134 | D:6      | Reached skill level 6 in Spellcasting
  4158 | D:6      | Reached skill level 5 in Fire Magic
  4158 | D:6      | Reached XP level 8. HP: 64/64 MP: 11/17
  4190 | D:6      | Found Zin's Purification Station.
  4225 | D:6      | Found a glowing silver altar of Zin.
  4230 | D:6      | Bought a potion of curing for 90 gold pieces
  4700 | D:6      | Learned a level 4 spell: Flame Wave
  4809 | D:7      | Reached skill level 1 in Shields
  4821 | D:7      | Found a staircase to the Ecumenical Temple.
  5103 | D:7      | Reached skill level 7 in Spellcasting
  5364 | D:8      | Noticed Erica
  5381 | D:8      | Killed Erica
  5382 | D:8      | Reached skill level 8 in Spellcasting
  5382 | D:8      | Reached XP level 9. HP: 66/73 MP: 6/21
  5403 | D:8      | Found a shadowy altar of Dithmenos.
  5445 | D:8      | Found Xirivoigon's Gadget Gallery.
  5488 | D:8      | Reached ****** piety under Jiyva
  5502 | D:8      | Found a runed translucent gate.
  5502 | D:8      | Noticed GonguanaGonguana's ghost (novice MeEE)
  5503 | D:8      | Found a runed translucent gate.
  5504 | D:8      | Noticed a kobold demonologist
  5504 | D:8      | Found a runed translucent gate.
  5575 | D:8      | Reached skill level 9 in Spellcasting
  5735 | D:8      | Found a radiant altar of Vehumet.
  5816 | D:9      | Noticed Grum
  5822 | D:9      | Killed Grum
  5823 | D:9      | Reached XP level 10. HP: 69/80 MP: 18/23
  5826 | D:9      | Noticed Psyche
  5843 | D:9      | Killed Psyche
  5844 | D:9      | Reached skill level 10 in Spellcasting
  5977 | D:9      | Lost mutation: Your muscles are very strong. (Str +8,
                  | Int/Dex -2) [Jiyva's grace]
  5977 | D:9      | Lost mutation: You have acidic saliva. [Jiyva's grace]
  5977 | D:9      | Gained mutation: Your body has grown eyes which may confuse
                  | attackers. (Acc +3) [Jiyva's grace]
  5977 | D:9      | Gained mutation: Your body has grown many eyes which may
                  | confuse attackers. (Acc +5) [Jiyva's grace]
  5977 | D:9      | Gained mutation: Your body is covered in eyes which may
                  | confuse attackers. (Acc +7, SInv) [Jiyva's grace]
  5977 | D:9      | Gained mutation: Your natural rate of healing is unusually
                  | fast. [Jiyva's grace]
  6364 | D:9      | Found a basalt altar of Yredelemnul.
  6374 | D:9      | Found a broken altar of Ashenzari.
  6375 | D:9      | Found an ancient bone altar of Kikubaaqudgha.
  6377 | D:9      | Found a blossoming altar of Fedhas.
  6378 | D:9      | Found a snail-covered altar of Cheibriados.
  6793 | D:9      | Noticed Harold
  7103 | D:9      | Reached skill level 1 in Evocations
  7170 | D:9      | Killed Harold
  7200 | D:9      | Found a staircase to the Lair.
  7238 | Lair:1   | Entered Level 1 of the Lair of Beasts
  7287 | Lair:1   | Learned a level 1 spell: Freeze
  7291 | Lair:1   | Reached skill level 11 in Spellcasting
  7310 | Lair:1   | Noticed a cane toad
  7316 | Lair:1   | Killed a cane toad
  7317 | Lair:1   | Reached XP level 11. HP: 88/88 MP: 23/26
  7394 | Lair:1   | Learned a level 3 spell: Hailstorm
  7943 | Lair:2   | Noticed a death yak
  8156 | Lair:2   | Reached skill level 5 in Stealth
  8158 | Lair:1   | Slimified a death yak
  8158 | Lair:1   | a death yak changed into a slime creature
  8160 | Lair:1   | a komodo dragon changed into an azure jelly
  8160 | Lair:1   | Noticed an azure jelly
  8206 | Lair:2   | Noticed a six-headed hydra
  8211 | Lair:2   | Engulfed by a cloud of flame

Illustrated notes

Levels and vault maps discovered:
D:1:      co_arrival_square_in_a_square_in_a_square, layout_loops_cross,
          shapermc_ecumenical_altar_hornbeckon, grunt_decor_arrowhead
D:2:      layout_basic, minmay_quadrilaterals, uniq_natasha
D:3:      layout_rooms, amcnicky_altar_gilded
D:4:      layout_rooms, mainiacjoe_overflow_surrounded_room,
          guppyfry_early_orc_mine
D:5:      layout_basic, nicolae_uskayaw_suspiria, mainiacjoe_overflow_alcove_1,
          lightli_temple_of_fire, hangedman_abyss_or_decor_stagger,
          water_maze_lemuel
D:6:      layout_loops_corners, zin_purify
D:7:      layout_loops_cross, minmay_temple_entry_mini_moons
D:8:      layout_cave_pools, nicolae_vehumet_altar_sigil, marbit_many_paths,
          gammafunk_ghost_nasty_kobolds, nicolae_shop_gadgets, uniq_erica
D:9:      layout_roguey, minitemple, erik_lair_dragon, uniq_psyche, uniq_harold,
          uniq_grum
Lair:1:   layout_roguey, lemuel_fruit_fields
Lair:2:   nzn_winding_woodlands_stair_cross
          [nzn_winding_woodlands_5x15_lazy_stream,
          nzn_winding_woodlands_center_triple_pond,
          nzn_winding_woodlands_5x15_sidewinder,
          nzn_winding_woodlands_5x5_checkerboard,
          nzn_winding_woodlands_hourglass, nzn_winding_woodlands_5x15_default,
          nzn_winding_woodlands_center_pierced_h,
          nzn_winding_woodlands_5x15_split_checker], layout_regular_city,
          minmay_shoals_entry_beasts, serial_bayou_pond_e,
          chequers_serial_rivers_room_b

Skill      XL: |  1  2  3  4  5  6  7  8  9 10 11 |
---------------+----------------------------------+-----
Long Blades    | 1 2 3 4 |  4.6
Spellcasting   | 3 4 6 8 9 11 | 11.7
Fire Magic     | 4 5 6 7 9 |  9.4
Dodging        | 2 3 |  3.9
Fighting       | 1 2 3 |  3.9
Shields        | 1 |  1.9
Stealth        | 4 5 |  5.0
Evocations     | 1 |  1.1
Conjurations   | |  1.2

Action                     |  1- 3 |  4- 6 |  7- 9 | 10-12 || total
---------------------------+-------+-------+-------+-------++-------
  Melee: Falchion          |    61 |    54 |    39 |   106 ||   260
         Bite              |       |     6 |     3 |       ||     9
         Headbutt          |       |     5 |     4 |    29 ||    38
         Punch             |       |     1 |     1 |     3 ||     5
   Cast: Foxfire           |    16 |       |     1 |       ||    17
         Scorch            |    21 |    31 |    89 |    95 ||   236
         Flame Wave        |       |       |     4 |     1 ||     5
 Invoke: Slimify           |       |       |       |     2 ||     2
Ability: Spit Poison       |       |       |       |     1 ||     1
  Evoke: Wand              |       |       |    10 |     7 ||    17
    Use: Scroll            |     2 |       |     8 |     2 ||    12
         Potion            |       |     1 |     4 |     4 ||     9
   Stab: Sleeping          |     1 |       |     1 |     1 ||     3
         Confused          |       |       |       |     6 ||     6
 Armour: Robe              |    18 |    15 |    13 |    27 ||    73
  Dodge: Dodged            |    38 |    38 |    52 |    92 ||   220
  Block: Other             |    21 |    14 |    30 |    52 ||   117
         Reflection        |     2 |     1 |     5 |       ||     8

Table legend: (Time is in decaauts)
 A = Elapsed time spent in this place.
 B = Non-inter-level travel time spent in this place.
 C = Inter-level travel time spent in this place.
 D = Time resting spent in this place.
 E = Time spent auto-exploring this place.
 F = Levels seen in this place.
 G = Mean time per level.
                   A        B        C        D        E       F      G
               +--------+--------+--------+--------+--------+-----+--------+
         Total |  10725 |   7995 |   2730 |   1310 |      0 |  11 |  975.0 |
       Dungeon |   9523 |   7071 |   2452 |   1035 |      0 |   9 | 1058.1 |
          Lair |   1202 |    924 |    278 |    275 |      0 |   2 |  601.0 |
               +--------+--------+--------+--------+--------+-----+--------+

Top non-repeatable levels by time:
     D:9: 1883 daAuts
     D:6: 1595 daAuts
     D:1: 1464 daAuts
     D:5: 1181 daAuts
  Lair:1: 1136 daAuts
     D:2: 1001 daAuts
     D:7: 770 daAuts
     D:8: 598 daAuts
     D:4: 530 daAuts
     D:3: 499 daAuts
  Lair:2: 65 daAuts
